 Dungeon Crawl Stone Soup version 0.30-a0-930-gb9d0489357 (webtiles) character file.

Game seed: 17123455777941888084

125 bmack86 the Covered (level 4, -6/41 HPs)
             Began as a Minotaur Fighter on Mar 24, 2023.
             Mangled by Sigmund
             ... wielding a +0 scythe
              (8 damage)
             ... on level 3 of the Dungeon.
             The game lasted 00:05:24 (1855 turns).

bmack86 the Covered (Minotaur Fighter)              Turns: 1855, Time: 00:05:25

Health: -6/41      AC:  9    Str: 23    XL:     4   Next: 82%
Magic:  3/3        EV:  7    Int:  5    God:
Gold:   86         SH:  4    Dex:  9    Spells: 3/3 levels left

rFire   . . .      SeeInvis .    a - +0 war axe
rCold   . . .      Faith    .    c - +0 buckler
rNeg    . . .      Spirit   .    m - +0 chain mail
rPois   .          Reflect  .    (helmet restricted)
rElec   .          Rampage  .    (no cloak)
rCorr   .                        (no gloves)
Will    .....                    (no boots) Stlth
                                 (no amulet)
HPRegen 0.26/turn                (no ring)
MPRegen 0.08/turn                (no ring)

@: no status effects
A: horns 2, retaliatory headbutt
a: no special abilities


You were on level 3 of the Dungeon.
You visited 1 branch of the dungeon, and saw 3 of its levels.

You collected 86 gold pieces.

Inventory:

Hand Weapons
 a - a +0 war axe (weapon)
Missiles
 q - 2 throwing nets (quivered)
Armour
 b - a +0 scale mail
 c - a +0 buckler (worn)
 m - a +0 chain mail (worn)
Wands
 j - a wand of charming (10)
Scrolls
 g - a scroll of noise
 h - 4 scrolls of magic mapping
 l - a scroll of fear
 r - a scroll of amnesia {unknown}
Potions
 d - a potion of might
 e - 2 potions of flight
 f - a potion of lignification
 i - a potion of invisibility
 k - 4 potions of curing
 o - a potion of heal wounds {unknown}
 p - a potion of brilliance {unknown}


   Skills:
 + Level 4.4 Fighting
 * Level 4.2 Axes
 + Level 0.6 Throwing
 + Level 4.4 Armour
 + Level 4.3 Shields


You had 3 spell levels left.
You didn't know any spells.
Your spell library was empty.

Dungeon Overview and Level Annotations

Branches:
Dungeon (3/15)

Altars:

Shops:
D:2 (!?[

Annotations:
D:3 Sigmund


Innate Abilities, Weirdness & Mutations

You have a pair of horns on your head.
You reflexively headbutt those who attack you in melee.


Message History

You hear some strange, mumbled words.
You are confused.
You closely miss something. Your headbutt misses something.
Something hits you but does no damage.
You miss something. Your headbutt misses something.
You hear some strange, mumbled words.
A magic dart appears from out of thin air!
The magic dart hits you.
You bump into the rock wall.
Something hits you but does no damage.
You bump into the rock wall.
You miss something. Your headbutt misses something.
You feel less confused. Something hits you.
You miss something. Something hits you.
You barely miss something. Your headbutt misses something.
Something hits you but does no damage.
You miss something. Something hits you but does no damage.
You hit something. Something hits you!
* * * LOW HITPOINT WARNING * * *
You closely miss something. Something hits you.
* * * LOW HITPOINT WARNING * * *
You slash something!
You hear some strange, mumbled words.
A magic dart appears from out of thin air!
The magic dart hits you.
* * * LOW HITPOINT WARNING * * *
You barely miss something. Your headbutt misses something.
You hear some strange, mumbled words.
Something tries to affect you, but you resist.
You barely miss something. Something hits you but does no damage.
You barely miss something.
You hear some strange, mumbled words.
Something tries to affect you, but you resist.
You closely miss something. Something hits you.
* * * LOW HITPOINT WARNING * * *
You hit something.
You hear some strange, mumbled words.
Something tries to affect you, but you resist.
You barely miss something. Your headbutt misses something. Something hits you!
You die...

......<.....#
####...###..# .......#
#..# ####...# #..####.#
# #...# #.......# #
#.))# ##.#######
####..)####.......######
..........#.#####..>.(..
###.......#.##..@{....(.
###.......#.##.########.
............##.##
###.............#
................#
###.......#####.#
######### #.# #.# #.#


There were no monsters in sight!

Vanquished Creatures
  3 gnolls (D:3)
  4 adders
  3 worms
  A dart slug (D:2)
  2 ball pythons
  5 endoplasms
  4 giant cockroaches
  3 goblins
  2 hobgoblins (D:2)
  5 jackals
  3 quokkas (D:2)
  6 bats
  2 frilled lizards
  7 rats
50 creatures vanquished.

Notes
Turn   | Place    | Note
-------+----------+-------------------------------------------
     0 | D:1      | bmack86 the Minotaur Fighter began the quest for the Orb.
     0 | D:1      | Reached XP level 1. HP: 19/19 MP: 0/0
   411 | D:1      | Reached XP level 2. HP: 27/27 MP: 1/1
   813 | D:2      | Reached XP level 3. HP: 29/33 MP: 2/2
   864 | D:2      | Found Cehohorok's Armour Boutique.
   988 | D:2      | Found Zuapnegg's Magic Scroll Boutique.
   990 | D:2      | Found Ohyruhy's Distillery.
  1180 | D:2      | Found Tumu's Weapon Shoppe.
  1300 | D:2      | Reached XP level 4. HP: 40/40 MP: 3/3
  1819 | D:3      | Noticed Sigmund
  1853 | D:3      | HP: 2/41 [something (4)]
  1855 | D:3      | Mangled by Sigmund

Illustrated notes

Levels and vault maps discovered:
D:1:      giann_forest_graveyard, layout_basic, minmay_misc_feat_x,
          chequers_serial_rivers_micro_a, chequers_serial_rivers_small_b
D:2:      minmay_razor_zed, layout_rooms, serial_shops,
          nicolae_shop_behind_doors, shop, nicolae_shop_crystal, shop
D:3:      layout_loops_ring, uniq_sigmund

Skill      XL: |  1  2  3  4 |
---------------+-------------+-----
Axes           | 3 4 |  4.2
Fighting       | 4 |  4.4
Armour         | 4 |  4.4
Shields        | 4 |  4.3
Throwing       | |  0.6

Action                     |  1- 3 |  4- 6 || total
---------------------------+-------+-------++-------
  Melee: War axe           |    72 |    52 ||   124
         Headbutt          |    12 |     3 ||    15
  Throw: Dart              |       |     4 ||     4
    Use: Scroll            |     6 |     1 ||     7
 Armour: Scale mail        |    18 |       ||    18
         Chain mail        |    16 |    23 ||    39
  Dodge: Dodged            |    36 |    14 ||    50
  Block: Buckler           |    15 |    14 ||    29

Table legend: (Time is in decaauts)
 A = Elapsed time spent in this place.
 B = Non-inter-level travel time spent in this place.
 C = Inter-level travel time spent in this place.
 D = Time resting spent in this place.
 E = Time spent auto-exploring this place.
 F = Levels seen in this place.
 G = Mean time per level.
                   A        B        C        D        E       F      G
               +--------+--------+--------+--------+--------+-----+--------+
         Total |   1900 |   1849 |     51 |    179 |   1097 |   3 |  633.3 |
       Dungeon |   1900 |   1849 |     51 |    179 |   1097 |   3 |  633.3 |
               +--------+--------+--------+--------+--------+-----+--------+

Top non-repeatable levels by time:
     D:2: 877 daAuts
     D:1: 675 daAuts
     D:3: 347 daAuts
